 Dungeon Crawl Stone Soup version 0.31-a0-986-g5e6e4ef867 (webtiles) character file.

Game seed: 16858152283391377289

119 serber55 the Chiller (level 4, -7/33 HPs)
             Began as a Demonspawn Ice Elementalist on Nov 6, 2023.
             Was an Initiate of Yredelemnul.
             Mangled by a two-headed ogre
             ... wielding a +0 giant club
              (12 damage)
             ... on level 4 of the Dungeon.
             The game lasted 00:10:34 (2700 turns).

serber55 the Chiller (Demonspawn Ice Elementalist)  Turns: 2700, Time: 00:10:35

Health: -7/33      AC: 10    Str:  8    XL:     4   Next: 73%
Magic:  1/8        EV: 12    Int: 19    God:    Yredelemnul [......]
Gold:   172        SH:  0    Dex: 13    Spells: 1/8 levels left

rFire   . . .        c - +0 dagger
rCold   . . .        (no shield)
rNeg    . . .        a - +0 robe
rPois   .            (no helmet)
rElec   .            (no cloak)
rCorr   .            (no gloves)
SInv    .            (no boots)
Will    .....        (no amulet)
Stlth   ++           (no ring)
HPRegen 0.25/turn    (no ring)
MPRegen 0.11/turn

%: no passive effects
@: ice-armoured, very slightly contaminated
A: slimy green scales 1, powered by death 1
a: Renounce Religion, Recall Undead Harvest


You were on level 4 of the Dungeon.
You worshipped Yredelemnul.
Yredelemnul was noncommittal.
You visited 1 branch of the dungeon, and saw 4 of its levels.

You collected 172 gold pieces.

Inventory:

Hand Weapons
 c - a +0 dagger (weapon)
Missiles
 p - a throwing net
Armour
 a - a +0 robe (worn)
Scrolls
 h - 2 scrolls of fear {unknown}
 i - a scroll of immolation {unknown}
 j - 2 scrolls of enchant weapon {unknown}
 l - a scroll of identify {unknown}
Potions
 b - a potion of magic
 d - a potion of heal wounds {unknown}
 e - 2 potions of might {unknown}
 f - 2 potions of brilliance {unknown}
 g - 2 potions of curing {unknown}
 k - a potion of mutation {unknown}
 n - a potion of ambrosia {unknown}
 o - a potion of lignification {unknown}


   Skills:
 + Level 1.7 Fighting
 + Level 2.4 Dodging
 - Level 1.7 Stealth
 + Level 2.7 Spellcasting
 * Level 4.5 Ice Magic


You had one spell level left.
You knew the following spells:

 Your Spells              Type           Power      Damage    Failure   Level
a - Freeze                Ice            76%        1d8       2%          1
b - Frozen Ramparts       Ice            38%        1d6       8%          3
c - Ozocubu's Armour      Ice            19%        N/A       8%          3

Your spell library contained the following spells:

 Spells                   Type           Power      Damage    Failure   Level
 Summon Ice Beast         Ice/Summ       11%        N/A       52%         4


Dungeon Overview and Level Annotations

Branches:
Dungeon (4/15)
 Temple: D:4-7

Altars:
Yredelemnul

Annotations:
D:4 1 transporter


Innate Abilities, Weirdness & Mutations

You are partially covered in slimy green scales. (AC +2)
You regenerate a little health from kills.


Message History

Aim: a two-headed ogre, wielding two +0 giant clubs (poisoned, ally target, 70% to hit)
Okay, then.
Your ball python zombie closely misses the two-headed ogre.
Your ball python zombie bites the two-headed ogre but does no damage.
Throw: dart (poison)
Press: ? - help, Q - select action, (/) - cycle Shift-Dir - straight line, f/p - two-headed ogre
Aim: a two-headed ogre, wielding two +0 giant clubs (lightly wounded, poisoned, ally target, 70% to hit)
You throw a poisoned dart.
The poisoned dart barely misses the two-headed ogre.
The wall freezes the two-headed ogre but does no damage.
Your ball python zombie bites the two-headed ogre but does no damage.
Okay, then.
The wall freezes the two-headed ogre.
Casting: Frozen Ramparts (quite dangerous; 8% risk of failure)
Confirm with . or Enter, or press ? or * to list all spells.
Aiming: Freeze (safe; 2% risk of failure)
Press: ? - help, Shift-Dir - straight line, f/p - two-headed ogre
Aim: a two-headed ogre, wielding two +0 giant clubs (lightly wounded, poisoned, ally target)
You miscast Freeze.
You are very lightly contaminated with residual magic.
Nothing appears to happen.
The wall freezes the two-headed ogre but does no damage.
The two-headed ogre hits you with a +0 giant club!!
Ouch! That really hurt!
The two-headed ogre hits you with a +0 giant club!
* * * LOW HITPOINT WARNING * * *
Your ball python zombie bites the two-headed ogre.
Casting: Freeze (safe; 2% risk of failure)
Confirm with . or Enter, or press ? or * to list all spells.
Aiming: Freeze (safe; 2% risk of failure)
Press: ? - help, Shift-Dir - straight line, f/p - two-headed ogre
Aim: a two-headed ogre, wielding two +0 giant clubs (lightly wounded, poisoned, ally target)
You freeze the two-headed ogre.
The two-headed ogre is lightly wounded.
The frozen ramparts melt away.
Your ball python zombie bites the two-headed ogre but does no damage.
The two-headed ogre closely misses you.
The two-headed ogre hits you with a +0 giant club!
You die...
Your body rises from the dead as a mindless zombie.

.........###..###.##.#
## #.......## #..# ###
. ##......####..#. ..
.....##...##..##.
.#### ###..#...# ^
##.#...## #.# ...##
###.#.....#
#..@......#
#..#O....###
.....##Z...# ....#
...## .... .(.#. #..
...##. #. .... # #.((.


You could see a two-headed ogre (poisoned, ally target) and a friendly ball
python zombie.

Vanquished Creatures
  Terence (D:2)
  2 adders
  A dart slug (D:1)
  8 ball pythons
  2 bats (D:1)
  3 endoplasms
  2 giant cockroaches
  5 goblins
  3 hobgoblins (D:1)
  3 jackals (D:1)
  3 kobolds (D:1)
  7 quokkas
  7 frilled lizards
  5 rats
52 creatures vanquished.

Vanquished Creatures (collateral kills)
  An adder (D:2)
  A ball python (D:3)
  2 bats (D:2)
  An endoplasm (D:2)
  A giant cockroach (D:2)
  A kobold (D:2)
7 creatures vanquished.

Vanquished Creatures (others)
  2 bat zombies (D:2)
2 creatures vanquished.

Grand Total: 61 creatures vanquished

Notes
Turn   | Place    | Note
-------+----------+-------------------------------------------
     0 | D:1      | serber55 the Demonspawn Ice Elementalist began the quest
                  | for the Orb.
     0 | D:1      | Reached XP level 1. HP: 13/13 MP: 3/3
   220 | D:1      | Gained mutation: You regenerate a little health from kills.
                  | [demonic ancestry]
   220 | D:1      | Reached XP level 2. HP: 19/20 MP: 5/5
   509 | D:1      | Reached skill level 4 in Ice Magic
   711 | D:1      | Reached skill level 1 in Fighting
   711 | D:1      | Reached XP level 3. HP: 16/26 MP: 2/6
   755 | D:1      | Learned a level 3 spell: Frozen Ramparts
  1288 | D:2      | Found a faded altar of an unknown god.
  1294 | D:2      | Prayed at the altar of an unknown god.
  1294 | D:2      | Became a worshipper of Yredelemnul the Dark
  1294 | D:2      | Reached * piety under Yredelemnul
  1373 | D:2      | Noticed Terence
  1381 | D:2      | Killed Terence
  1382 | D:2      | Gained mutation: You are partially covered in slimy green
                  | scales. (AC +2) [demonic ancestry]
  1382 | D:2      | Reached XP level 4. HP: 14/32 MP: 0/7
  1481 | D:2      | Learned a level 3 spell: Ozocubu's Armour
  1560 | D:2      | Reached ** piety under Yredelemnul
  2658 | D:4      | Found a transporter.
  2690 | D:4      | Noticed a two-headed ogre
  2700 | D:4      | Mangled by a two-headed ogre

Illustrated notes

Levels and vault maps discovered:
D:1:      roderic_dead_forest, layout_loops_ring, chequers_avenue
D:2:      layout_loops_ring, dreamdust_ecumenical_altar_angels_and_demons,
          hangedman_decor_growths, uniq_terence
D:3:      layout_loops_ring
D:4:      layout_cave_pods, gammafunk_ghost_abyssal_escape,
          hangedman_decor_peaks_small, uniq_ijyb

Skill      XL: |  1  2 |
---------------+-------+-----
Dodging        | 2 |  2.4
Ice Magic      | 4 |  4.5
Fighting       | 1 |  1.7
Stealth        | |  1.7
Spellcasting   | |  2.7

Action                     |  1- 3 |  4- 6 || total
---------------------------+-------+-------++-------
  Melee: Unarmed           |     3 |       ||     3
         Dagger            |    88 |    53 ||   141
         Punch             |     1 |     4 ||     5
  Throw: Dart              |       |     3 ||     3
   Cast: Freeze            |    38 |     9 ||    47
         Frozen Ramparts   |     2 |     1 ||     3
         Ozocubu's Armour  |       |     1 ||     1
 Invoke: Recall Undead Har |       |     1 ||     1
   Stab: Sleeping          |     3 |     1 ||     4
 Armour: Robe              |    59 |    40 ||    99
  Dodge: Dodged            |    66 |    41 ||   107

Table legend: (Time is in decaauts)
 A = Elapsed time spent in this place.
 B = Non-inter-level travel time spent in this place.
 C = Inter-level travel time spent in this place.
 D = Time resting spent in this place.
 E = Time spent auto-exploring this place.
 F = Levels seen in this place.
 G = Mean time per level.
                   A        B        C        D        E       F      G
               +--------+--------+--------+--------+--------+-----+--------+
         Total |   2698 |   2542 |    156 |    377 |   1673 |   4 |  674.5 |
       Dungeon |   2698 |   2542 |    156 |    377 |   1673 |   4 |  674.5 |
               +--------+--------+--------+--------+--------+-----+--------+

Top non-repeatable levels by time:
     D:1: 1001 daAuts
     D:2: 844 daAuts
     D:3: 764 daAuts
     D:4: 87 daAuts
